 Dungeon Crawl Stone Soup version 0.25-a0-100-g33052ceff8 (console) character file.

Game seed: 16946239268455757718, levelgen mode: deterministic

502 Kagalorn the Chiller (level 7, -3/50 HPs)
             Began as a Gnoll Ice Elementalist on Nov 15, 2019.
             Was an Initiate of Sif Muna.
             Slain by a centaur
             ... wielding a cursed +0 shortbow
              (8 damage)
             ... on level 4 of the Dungeon.
             The game lasted 00:09:58 (3317 turns).

Kagalorn the Chiller (Gnoll Ice Elementalist)       Turns: 3317, Time: 00:09:59

Health: -3/50      AC:  5    Str: 12    XL:     7   Next: 17%
Magic:  12/15      EV: 15    Int: 18    God:    Sif Muna [......]
Gold:   256        SH:  0    Dex: 15    Spells: 16/17 levels left

rFire    . . .     SeeInvis .   A - +2 dagger (venom)
rCold    . . .     Gourm    .   (no shield)
rNeg     . . .     Faith    .   F - +0 robe (curse)
rPois    .         Spirit   .   (no helmet)
rElec    .         Reflect  .   G - +0 cloak
rCorr    .         Harm     .   n - +0 pair of gloves
MR       .....                  D - +0 pair of boots
Stlth    +++.......             (no amulet)
HPRegen  0.16/turn              (no ring)
MPRegen  0.14/turn              (no ring)

@: no status effects
A: distributed training, fangs 1, strong nose
a: Renounce Religion


You were on level 4 of the Dungeon.
You worshipped Sif Muna.
Sif Muna was noncommittal.
You were not hungry.

You visited 2 branches of the dungeon, and saw 5 of its levels.

You collected 256 gold pieces.

Inventory:

Hand Weapons
 f - a +0 short sword
 x - a +0 trident
 z - a +0 hunting sling
 A - a +2 dagger of venom (weapon)
Missiles
 e - 112 stones (quivered)
 i - 12 poisoned darts
 t - 69 arrows
 y - 21 bolts
 I - 2 javelins
 J - 16 sling bullets
Armour
 a - a +0 robe
 n - a +0 pair of gloves (worn)
 C - a +0 ring mail
 D - a +0 pair of boots (worn)
 F - a cursed +0 robe (worn)
 G - a +0 cloak (worn)
Magical Staves
 E - an uncursed staff of wizardry {unknown}
Jewellery
 h - a +4 ring of evasion {unknown}
Wands
 s - a wand of clouds (3)
 K - a wand of iceblast (7)
Scrolls
 b - a scroll of amnesia {unknown}
 g - a scroll of fog {unknown}
 j - 2 scrolls of teleportation {unknown}
 o - 3 scrolls of magic mapping {unknown}
 p - a scroll of fear {unknown}
 r - a scroll of identify {unknown}
 u - 5 scrolls of remove curse {unknown}
 v - 2 scrolls of immolation {unknown}
 w - 3 scrolls of enchant weapon {unknown}
 H - a scroll of enchant armour {unknown}
 L - a scroll of blinking {unknown}
Potions
 d - a potion of ambrosia {unknown}
 k - 3 potions of curing {unknown}
 l - 6 potions of flight {unknown}
 m - a potion of agility {unknown}
 q - 2 potions of heal wounds {unknown}
 B - a potion of brilliance {unknown}
Comestibles
 c - 13 rations
 M - 3 chunks of flesh


   Skills:
 + Level 2.2 Fighting
 + Level 2.2 Short Blades
 + Level 2.2 Long Blades
 + Level 2.2 Axes
 + Level 2.2 Maces & Flails
 + Level 2.2 Polearms
 + Level 2.2 Staves
 + Level 2.2 Slings
 + Level 2.2 Bows
 + Level 2.2 Crossbows
 + Level 2.2 Throwing
 + Level 2.2 Armour
 + Level 5.1 Dodging
 + Level 4.8 Stealth
 + Level 2.2 Shields
 + Level 2.2 Unarmed Combat
 + Level 5.5 Spellcasting
 + Level 2.8 Conjurations
 + Level 1.8 Hexes
 + Level 1.8 Charms
 + Level 1.8 Summonings
 + Level 1.8 Necromancy
 + Level 1.8 Translocations
 + Level 1.8 Transmutations
 + Level 1.8 Fire Magic
 + Level 5.7 Ice Magic
 + Level 1.8 Air Magic
 + Level 1.8 Earth Magic
 + Level 1.8 Poison Magic
 + Level 2.5 Invocations
 + Level 2.2 Evocations


You had 16 spell levels left.
You knew the following spells:

 Your Spells              Type           Power        Failure   Level  Hunger
a - Freeze                Ice            ####         1%          1    None

Your spell library contained the following spells:

 Spells                   Type           Power        Failure   Level  Hunger
 Throw Frost              Conj/Ice       ###...       3%          2    #......
 Ozocubu's Armour         Chrm/Ice       ###.....     8%          3    ##.....
 Throw Icicle             Conj/Ice       ###.....     22%         4    ####...
 Summon Ice Beast         Ice/Summ       ###.....     26%         4    ####...


Dungeon Overview and Level Annotations

Branches:
Dungeon (4/15)             Temple (1/1) D:4

Altars:
Cheibriados
Dithmenos
Elyvilon
Fedhas
Gozag
Kikubaaqudgha
Nemelex Xobeh
Qazlal
Sif Muna
Wu Jian
Xom
Zin
The Shining One


Innate Abilities, Weirdness & Mutations

Your experience applies equally to all skills.
You have very sharp teeth.
Your uncanny sense of smell can sniff out nearby items.


Message History

Confirm with . or Enter, or press ? or * to list all spells.
Aiming: Freeze (safe; 1% risk of failure)
Press: ? - help, Shift-Dir - straight line, f/p - centaur
Aim: a centaur, wielding a +0 shortbow (lightly wounded)
You freeze the centaur!
The centaur is heavily wounded.
The centaur hits you! The centaur misses you. The centaur hits you.
* * * LOW HITPOINT WARNING * * *
Casting: Freeze (safe; 1% risk of failure)
Confirm with . or Enter, or press ? or * to list all spells.
Aiming: Freeze (safe; 1% risk of failure)
Press: ? - help, Shift-Dir - straight line, f/p - centaur
Aim: a centaur, wielding a +0 shortbow (heavily wounded)
You freeze the centaur!
The centaur is almost dead.
The centaur hits you with a cursed +0 shortbow.
* * * LOW HITPOINT WARNING * * *
The centaur closely misses you.
The centaur hits you with a cursed +0 shortbow!
You die...

####.##.#### #.....# ##...>#...
#.....)....# #.###.#####..##.....
#.##.......# #.#......##.###.....
#..P.......# #.#..###....#.......
...P♣P.P...# #...................
.PPP♣♣P....###..##.##....[.......
..PP♣♣♣P.P.##..##.. ##.#.........
...PP ♣♣...##..#.##..#.#.........
####..P♣P......(@c:..............
# ...P..###.#.c##.#.#.........
!♣P. ...##...##...######.. P
...#.. #.##...# ##. .....$..
...... . .### #### ....## # .###
. .# ..


You could see 2 centaurs.

Vanquished Creatures
  A scorpion (D:4)
  A howler monkey (D:4)
  A centaur skeleton (D:4)
  4 orc wizards
  2 worker ants (D:4)
  7 adders
  4 gnolls (D:4)
  2 oozes (D:2)
  2 adder skeletons (D:4)
  2 worms (D:3)
  4 dart slugs
  15 orcs
  A ball python (D:4)
  4 giant cockroaches
  8 goblins
  11 hobgoblins
  3 jackals (D:3)
  9 bats
  7 frilled lizards
  8 kobolds
  A quokka skeleton (D:4)
  8 rats
105 creatures vanquished.

Notes
Turn   | Place    | Note
-------+----------+-------------------------------------------
     0 | D:1      | Kagalorn the Gnoll Ice Elementalist began the quest for the
                  | Orb.
     0 | D:1      | Reached XP level 1. HP: 13/13 MP: 6/6
   247 | D:1      | Reached XP level 2. HP: 15/19 MP: 4/7
   677 | D:1      | Reached XP level 3. HP: 25/25 MP: 5/9
   805 | D:2      | Reached skill level 5 in Spellcasting
   875 | D:2      | You fall into a shaft and drop 2 floors!
   876 | D:4      | Noticed a scorpion
   884 | D:4      | Killed a scorpion
   884 | D:4      | Reached skill level 1 in Fighting
   884 | D:4      | Reached skill level 1 in Short Blades
   884 | D:4      | Reached skill level 1 in Long Blades
   884 | D:4      | Reached skill level 1 in Axes
   884 | D:4      | Reached skill level 1 in Maces & Flails
   884 | D:4      | Reached skill level 1 in Polearms
   884 | D:4      | Reached skill level 1 in Staves
   884 | D:4      | Reached skill level 1 in Slings
   884 | D:4      | Reached skill level 1 in Bows
   884 | D:4      | Reached skill level 1 in Crossbows
   884 | D:4      | Reached skill level 1 in Throwing
   884 | D:4      | Reached skill level 1 in Armour
   884 | D:4      | Reached skill level 1 in Shields
   884 | D:4      | Reached skill level 1 in Unarmed Combat
   884 | D:4      | Reached skill level 1 in Invocations
   884 | D:4      | Reached skill level 1 in Evocations
   884 | D:4      | Reached XP level 4. HP: 23/32 MP: 1/11
   993 | D:3      | Reached skill level 1 in Hexes
   993 | D:3      | Reached skill level 1 in Charms
   993 | D:3      | Reached skill level 1 in Summonings
   993 | D:3      | Reached skill level 1 in Necromancy
   993 | D:3      | Reached skill level 1 in Translocations
   993 | D:3      | Reached skill level 1 in Transmutations
   993 | D:3      | Reached skill level 1 in Fire Magic
   993 | D:3      | Reached skill level 1 in Air Magic
   993 | D:3      | Reached skill level 1 in Earth Magic
   993 | D:3      | Reached skill level 1 in Poison Magic
  1186 | D:3      | Reached XP level 5. HP: 37/37 MP: 12/12
  1854 | D:3      | Reached XP level 6. HP: 44/44 MP: 10/13
  1936 | D:3      | Found a blossoming altar of Fedhas.
  2033 | D:2      | Found a stormy altar of Qazlal.
  2280 | D:2      | Found a sparkling altar of Nemelex Xobeh.
  2655 | D:4      | Reached skill level 5 in Dodging
  2785 | D:4      | Found a staircase to the Ecumenical Temple.
  2793 | Temple   | Entered the Ecumenical Temple
  3015 | Temple   | Became a worshipper of Sif Muna the Loreminder
  3150 | D:4      | Reached XP level 7. HP: 42/50 MP: 10/15
  3317 | D:4      | Slain by a centaur

Levels and vault maps discovered:
D:1:      lemuel_arrival_funnel, layout_basic, minmay_pentomino_x2
D:2:      layout_basic, lemuel_coloured_pillars_altar, grunt_qazlal_clouds
D:3:      layout_loops_cross, marbit_many_paths, hangedman_abyss_or_decor_stabs
D:4:      layout_rooms, minmay_temple_entry_ruins, serial_forest,
          infiniplex_forest_lined_3, infiniplex_forest_clump_curved,
          infiniplex_forest_diagonal, infiniplex_forest_pool,
          infiniplex_forest_clump_double, minmay_manual_mares
Temple:   dpeg_chambers_temple

Skill      XL: |  1  2  3  4  5  6 |
---------------+-------------------+-----
Conjurations   | 2 |  2.8
Spellcasting   | 5 |  5.5
Fighting       | 1 2 |  2.2
Short Blades   | 1 2 |  2.2
Long Blades    | 1 2 |  2.2
Axes           | 1 2 |  2.2
Maces & Flails | 1 2 |  2.2
Polearms       | 1 2 |  2.2
Staves         | 1 2 |  2.2
Slings         | 1 2 |  2.2
Bows           | 1 2 |  2.2
Crossbows      | 1 2 |  2.2
Throwing       | 1 2 |  2.2
Armour         | 1 2 |  2.2
Shields        | 1 2 |  2.2
Unarmed Combat | 1 2 |  2.2
Invocations    | 1 2 |  2.5
Evocations     | 1 2 |  2.2
Hexes          | 1 |  1.8
Charms         | 1 |  1.8
Summonings     | 1 |  1.8
Necromancy     | 1 |  1.8
Translocations | 1 |  1.8
Transmutations | 1 |  1.8
Fire Magic     | 1 |  1.8
Air Magic      | 1 |  1.8
Earth Magic    | 1 |  1.8
Poison Magic   | 1 |  1.8
Dodging        | 5 |  5.1
Stealth        | |  4.8
Ice Magic      | |  5.7

Action                   |  1- 3 |  4- 6 |  7- 9 || total
-------------------------+-------+-------+-------++-------
Melee: Unarmed           |     1 |       |       ||     1
       Short sword       |     6 |     7 |       ||    13
       Dagger            |       |    50 |     4 ||    54
       Bite              |       |     9 |       ||     9
 Cast: Freeze            |    34 |    97 |    19 ||   150
 Stab: Sleeping          |     5 |    16 |       ||    21
  Eat: Chunk             |       |     6 |     1 ||     7
Armor: Robe              |     3 |    16 |       ||    19
Dodge: Dodged            |    15 |    77 |    13 ||   105

Table legend:
 A = Non-vault XP
 B = Vault XP
 C = Vault XP percentage of total XP
 D = Non-vault monster count
 E = Vault monster count
 F = Vault count percentage of total count
                 A         B        C        D         E       F
            +---------+---------+-------+---------+---------+-------
      Total |     712 |       6 |   0.8 |     102 |       3 |   2.9
            +---------+---------+-------+---------+---------+-------
        D:1 |      31 |       5 |  13.9 |      19 |       2 |   9.5
        D:2 |      72 |       0 |   0.0 |      21 |       0 |   0.0
        D:3 |     213 |       1 |   0.5 |      42 |       1 |   2.3
        D:4 |     396 |       0 |   0.0 |      20 |       0 |   0.0
            +---------+---------+-------+---------+---------+-------
